AoeStats
← aroz

Golden Pit

509375355Analyzed
1v1 RM · 6d ago on Sep 26, 2026· 39m 10s· 2 players
Game mode
Random Map
Map size
Tiny (2 player)
Population
200
Speed
Normal
Resources
Standard
Victory
Conquest
Starting age
Dark Age
Ending age
Imperial Age
RankedLock teamsTeams togetherTeam positionsShared explorationLock speedFull tech treeHidden civsTurbo modeCheats
Victory
Defeat
🇦🇷 Khitans · Argentina
1371
+17
🇪🇸 Malians · Spain
1388
-17
Fenomenazo
8:54 Feudal Age
7:09 Loom
9:53 Double-Bit Axe
10:57 Domestication
12:47 Scale Barding Armor
17:28 Forging
24:14 Castle Age
22:50 Gold Mining
24:59 Husbandry
24:20 Light Cavalry
25:53 Iron Casting
27:26 Chain Barding Armor
30:21 Town Watch
31:01 Bow Saw
35:21 Elite Skirmisher
36:20 Fletching
36:31 Padded Archer Armor
38:54 Wheelbarrow
aroz
6:17 Loom
9:32 Feudal Age
12:07 Fletching
14:04 Double-Bit Axe
20:06 Wheelbarrow
24:01 Castle Age
24:11 Crossbowman
24:57 Thumb Ring
24:57 Bodkin Arrow
25:54 Bow Saw
25:27 Horse Collar
29:37 Ballistics
Connection lost

Rejoining the realm…

Still unreachable

The connection could not be restored.

Session expired

The server has moved on; the page needs a fresh start.